 Dungeon Crawl Stone Soup version 0.13-a0-2672-g649a1be (webtiles) character file.

6321 Kae the Whirler (level 11, -7/66 HPs)
             Began as a Halfling Abyssal Knight on Aug 11, 2013.
             Was a High Priest of Lugonu.
             Mangled by a hill giant zombie (23 damage)
             ... on Level 9 of the Dungeon.
             The game lasted 00:23:35 (11706 turns).

Kae the Whirler (Halfling Abyssal Knight)          Turns: 11706, Time: 00:23:35

HP  -7/66        AC  6     Str  8      XL: 11   Next:  9%
MP  23/23        EV 15     Int 12      God: Lugonu [*****.]
Gold 357         SH 16     Dex 20      Spells:  0 memorised, 10 levels left

Res.Fire  : + . .   See Invis. : .   b - +1,+2 sling
Res.Cold  : x . .   Warding    : .   q - +0 leather armour
Life Prot.: . . .   Conserve   : .   v - +0 buckler
Res.Poison: .       Res.Corr.  : .   (no helmet)
Res.Elec. : .       Clarity    : .   w - +2 dwarf cloak
Sust.Abil.: . .     Spirit.Shd : .   (no gloves)
Res.Mut.  : .       Stasis     : .   (no boots)
Res.Rott. : .       Flight     : .   s - amulet of the gourmand
Gourmand  : +                        o - ring of fire
                                     f - +1 ring of evasion

@: somewhat resistant to hostile enchantments, unstealthy
A: mutation resistance 1, slow metabolism 1, Str -1
a: Depart the Abyss, Bend Space, Banish, Corrupt, Enter the Abyss, Renounce
Religion


You were on level 9 of the Dungeon.
You worshipped Lugonu.
Lugonu was extremely pleased with you.
You were not hungry.

You visited 1 branch of the dungeon, and saw 9 of its levels.
You visited the Abyss 1 time.

You collected 540 gold pieces.
You spent 203 gold pieces at shops.

Inventory:

Hand weapons
 a - a +2,+2 short sword
 b - a +1,+2 sling (weapon)
Missiles
 g - 9 sling bullets of flame (quivered)
 j - 90 stones
 n - 4 poisoned sling bullets
Armour
 q - a +0 leather armour (worn)
 v - a +0 buckler (worn)
 w - a +2 dwarven cloak (worn)
Magical devices
 k - a wand of digging (10)
 A - a wand of disintegration (8)
Comestibles
 c - 4 bread rations
 d - 2 meat rations
 l - 4 apples
 r - a sausage
 L - 2 pears
 M - a choko
Scrolls
 h - 8 scrolls of remove curse
 m - 9 scrolls of teleportation
 p - 11 scrolls of identify
 t - a scroll of fear
 u - a scroll of fog
 F - 3 scrolls of blinking
Jewellery
 f - a +1 ring of evasion (left hand)
 o - a ring of fire (right hand)
 s - an amulet of the gourmand (around neck)
Potions
 e - a potion of invisibility
 i - 2 potions of agility
 x - 6 potions of curing
 z - 4 potions of heal wounds
 J - a potion of restore abilities
Books
 N - a book of Maledictions

   Spells                             Type                      Level
   Corona                             Hexes                        1
   Sure Blade                         Hexes/Charms                 2
   Ensorcelled Hibernation            Hexes/Ice                    2
   Confuse                            Hexes                        3
   Enslavement                        Hexes                        4
   Invisibility                       Hexes                        6


   Skills:
 - Level 2.8 Fighting
 - Level 2.6 Short Blades
 * Level 15.0 Slings
 - Level 1.0 Armour
 - Level 3.4 Dodging
 + Level 8.2 Shields
 + Level 9.0 Invocations


You had 10 spell levels left.
You didn't know any spells.

Dungeon Overview and Level Annotations

Branches:
Dungeon (9/27)             Temple (0/1) D:4             Orc (0/4) D:8
   Lair: D:8-13

Altars:
Cheibriados
Fedhas
Kikubaaqudgha
Makhleb
Okawaru
Trog
Vehumet
Xom

Shops:
D:4: ?


Innate Abilities, Weirdness & Mutations

You are small and have problems with some larger weapons.
You are somewhat resistant to further mutation.
You have a slow metabolism.
You are weak (Str -1).


Message History

Use which ability? (? or * to list)
Okay, then.
b - a +1,+2 sling (weapon)
Firing (i - inventory. (,) - cycle):
y - a sling bullet (quivered)
Press: ? - help, Shift-Dir - straight line, f/p - hill giant zombie
Aim: a hill giant zombie You shoot a sling bullet.
The sling bullet hits the hill giant zombie.
Firing (i - inventory. (,) - cycle):
g - 11 sling bullets of flame (quivered)
Press: ? - help, Shift-Dir - straight line, f/p - hill giant zombie
Aim: a hill giant zombie You shoot a sling bullet of flame.
The sling bullet of flame hits the hill giant zombie.
Firing (i - inventory. (,) - cycle):
g - 10 sling bullets of flame (quivered)
Press: ? - help, Shift-Dir - straight line, f/p - hill giant zombie
Aim: a hill giant zombie You shoot a sling bullet of flame.
The sling bullet of flame hits the hill giant zombie.
The hill giant zombie hits you!
You die...

#.##..#Y#.##......#.# #.#(#####
#.##..#.#....######.# #.#.#
#.##..#.###########.# #.#.#
#.##..#.............# #.#.#
#.#............####.# #.#.#
#.................#.# #.#.#
#..............##(#.#####.#.#####
...#########'#.Z#(...............
#..# #.#..@.#.#####.#.##### #..#
#.####.#.# ###........ #..# #
#.((.#.# #........##
#..#########.#.####. #..........
...#.........# #........##
##.....################........##
.......# #............##.#......
###....# #............'..#......
.......# #............##.#......


You could see a hill giant zombie.

Vanquished Creatures
  Erolcha (D:9)
  Psyche (D:9)
  2 hippogriffs
  A hungry ghost (D:9)
  6 yaks
  Edmund (D:9)
  3 orc warriors
  An ice beast (D:6)
  3 phantoms
  7 ogres
  A centaur (D:7)
  A water moccasin (D:7)
  The ghost of winlu the Chopper, an average NaSk of Cheibriados (D:4)
  5 giant frogs
  4 killer bees (D:9)
  2 goliath beetles (D:9)
  8 crimson imps
  A giant frog skeleton (D:5)
  2 orc priests (D:9)
  2 hounds
  3 iguanas
  3 orc wizards
  4 scorpions
  7 worker ants
  3 jellies
  2 ogre skeletons
  A hound skeleton (D:4)
  A mummy (D:6)
  13 adders
  A gnoll (D:8)
  A giant mite (D:2)
  3 worms
  A scorpion zombie (D:7)
  2 adder skeletons (D:7)
  2 adder zombies
  2 iguana skeletons
  A giant eyeball (D:3)
  An ooze (D:2)
  2 giant geckos
  18 orcs
  5 giant cockroaches
  13 hobgoblins
  6 jackals
  9 kobolds
  2 quokkas
  20 bats
  7 giant newts
  13 goblins
  A goblin skeleton (D:5)
  A hobgoblin skeleton (D:4)
  A hobgoblin zombie (D:8)
  A kobold zombie (D:6)
  2 orc skeletons (D:5)
  A quokka zombie (D:8)
  8 rats
  2 toadstools (D:1)
216 creatures vanquished.

Vanquished Creatures (others)
  The ghost of DasRunzen the Gusty, an experienced DgAE (D:6)
  A cyclops (D:6)
  The ghost of simpaon the Cleaver, an average DDBe of Trog (D:5)
  2 toadstools (D:1)
5 creatures vanquished.

Grand Total: 221 creatures vanquished

Notes
Turn   | Place    | Note
--------------------------------------------------------------
     0 | Abyss:1  | Kae, the Halfling Abyssal Knight, began the quest for the Orb.
     0 | Abyss:1  | Reached XP level 1. HP: 14/14 MP: 1/1
    45 | Abyss:1  | Noticed a profane servitor
    83 | Abyss:1  | Noticed a small abomination
    93 | Abyss:1  | Noticed a hellwing
   105 | D:1      | Escaped the Abyss
   368 | D:1      | Reached skill level 1 in Armour
   737 | D:1      | Reached XP level 2. HP: 17/19 MP: 2/2
   755 | D:1      | Acquired Lugonu's first power
  1010 | D:1      | Reached skill level 3 in Dodging
  1180 | D:2      | Reached XP level 3. HP: 15/25 MP: 4/4
  1283 | D:2      | Found a burning altar of Makhleb.
  1409 | D:2      | Reached skill level 1 in Slings
  1488 | D:2      | Reached XP level 4. HP: 27/30 MP: 5/5
  1616 | D:2      | Acquired Lugonu's second power
  1979 | D:2      | Reached XP level 5. HP: 35/35 MP: 7/7
  2235 | D:2      | Found an ancient bone altar of Kikubaaqudgha.
  2593 | D:3      | Found a snail-covered altar of Cheibriados.
  2819 | D:3      | Paralysed by a giant eyeball for 2 turns
  2885 | D:3      | Reached skill level 1 in Shields
  3057 | D:3      | Found a blossoming altar of Fedhas.
  3100 | D:3      | Reached skill level 4 in Slings
  3432 | D:4      | Found a staircase to the Ecumenical Temple.
  3468 | D:4      | Found Punwohuy's Magic Scroll Shop.
  3479 | D:4      | Bought a scroll of blinking for 77 gold pieces
  3479 | D:4      | Bought a scroll of identify for 28 gold pieces
  3479 | D:4      | Bought a scroll of identify for 28 gold pieces
  3479 | D:4      | Bought a scroll of identify for 28 gold pieces
  3479 | D:4      | Bought a scroll of teleportation for 42 gold pieces
  3500 | D:4      | Reached XP level 6. HP: 30/41 MP: 7/9
  3608 | D:4      | Reached skill level 5 in Slings
  3703 | D:4      | Acquired Lugonu's third power
  3725 | D:4      | Noticed winlu's ghost (average NaSk)
  3959 | D:4      | Killed winlu's ghost
  4153 | D:5      | Entered Level 5 of the Dungeon
  4201 | D:5      | Found a bloodstained altar of Trog.
  4219 | D:5      | Reached skill level 6 in Slings
  4219 | D:5      | Reached XP level 7. HP: 41/45 MP: 11/11
  4292 | D:5      | Noticed simpaon's ghost (average DDBe)
  4337 | D:5      | Banished simpaon's ghost
  4337 | D:5      | Reached skill level 7 in Slings
  4657 | D:5      | Reached skill level 5 in Invocations
  5093 | D:6      | Reached XP level 8. HP: 37/51 MP: 12/14
  5132 | D:6      | Reached skill level 8 in Slings
  5298 | D:6      | Noticed a hippogriff
  5300 | D:6      | Noticed a cyclops
  5496 | D:6      | Killed a hippogriff
  5496 | D:6      | Reached skill level 9 in Slings
  5962 | D:6      | Noticed DasRunzen's ghost (experienced DgAE)
  5976 | D:6      | Banished DasRunzen's ghost
  5976 | D:6      | Reached skill level 10 in Slings
  5976 | D:6      | Reached skill level 5 in Shields
  5976 | D:6      | Reached XP level 9. HP: 16/56 MP: 4/18
  6346 | D:6      | Banished a cyclops
  6468 | D:6      | Reached skill level 11 in Slings
  7613 | D:7      | Reached skill level 12 in Slings
  8303 | D:8      | Reached XP level 10. HP: 59/62 MP: 20/20
  8427 | D:8      | Acquired Lugonu's fourth power
  8611 | D:8      | Found a staircase to the Orcish Mines.
  8681 | D:8      | Reached skill level 13 in Slings
  8995 | D:8      | Gained mutation: You are weak (Str -1). [potion of mutation]
  9505 | D:8      | Found a shimmering altar of Xom.
  9767 | D:9      | Noticed Erolcha
  9778 | D:9      | Killed Erolcha
 10375 | D:9      | Found a bloodstained altar of Trog.
 10375 | D:9      | Noticed Psyche
 10381 | D:9      | Killed Psyche
 10381 | D:9      | Reached skill level 14 in Slings
 11103 | D:9      | Reached XP level 11. HP: 66/66 MP: 23/23
 11106 | D:9      | Acquired Lugonu's fifth power
 11376 | D:9      | Found a radiant altar of Vehumet.
 11377 | D:9      | Noticed Edmund
 11386 | D:9      | Killed Edmund
 11479 | D:9      | Found an iron altar of Okawaru.
 11581 | D:9      | Reached skill level 15 in Slings
 11706 | D:9      | Mangled by a hill giant zombie

Action                   |  1- 3 |  4- 6 |  7- 9 | 10-12 || total
-------------------------+-------+-------+-------+-------++-------
Melee: Short sword       |    65 |    30 |    36 |     3 ||   134
 Fire: Sling             |    25 |   235 |   375 |   343 ||   978
Invok: Depart the Abyss  |     1 |       |       |       ||     1
       Bend Space        |       |       |     5 |     3 ||     8
       Banish            |       |       |     8 |       ||     8
Evoke: Wand              |       |       |     1 |     1 ||     2
  Use: Potion            |       |     4 |       |     6 ||    10
       Scroll            |       |       |    18 |     1 ||    19
